 Dungeon Crawl Stone Soup version 0.20-a0-201-g851c6fa (webtiles) character file.

964 KristoblXynda the Chopper (level 7, -2/55 HPs)
             Began as a White Draconian Gladiator on Nov 24, 2016.
             Slain by an orc warrior
             ... wielding a +0 flail
              (17 damage)
             ... on level 5 of the Dungeon.
             The game lasted 00:08:09 (4529 turns).

KristoblXynda the Chopper (DrGl)                    Turns: 4529, Time: 00:08:11

Health: -2/55      AC:  8    Str: 24    XL:     7   Next: 93%
Magic:  7/7        EV: 14    Int:  9    God:
Gold:   351        SH:  0    Dex: 11    Spells: 6/6 levels left

rFire  . . .     SeeInvis .     a - +0 war axe
rCold  + + .     Gourm    .     (armour unavailable)
rNeg   . . .     Faith    .     (no shield)
rPois  .         Spirit   .     b - +1 hat
rElec  .         Reflect  .     r - +0 cloak
rCorr  .         Harm     .     (no gloves)
MR     .....                    (no boots)
Stlth  +.........               (no amulet)
                                (no ring)
                                (no ring)

@: mighty, very slightly contaminated
A: breathe frost, unfitting armour, big wings, cold resistance 2, cold-blooded,
AC +6
a: Breathe Frost, Fly


You were on level 5 of the Dungeon.
You were not hungry.

You visited 1 branch of the dungeon, and saw 5 of its levels.

You collected 351 gold pieces.

Inventory:

Hand Weapons
 a - a +0 war axe (weapon)
 q - a +2 quarterstaff of chaos
Missiles
 c - 4 throwing nets (quivered)
Armour
 b - a +1 hat (worn)
 r - a +0 cloak (worn)
Wands
 i - a wand of flame (38/48)
 l - a wand of random effects (21/48)
 m - a wand of random effects (22/48)
 s - a wand of lightning (1/15)
Scrolls
 e - 2 scrolls of enchant armour
 g - a scroll of blinking
 j - 2 scrolls of remove curse
 k - 3 scrolls of teleportation
Potions
 f - 3 potions of brilliance
 h - 2 potions of magic
 o - a potion of curing
 u - a potion of might
Comestibles
 d - 6 bread rations
 p - 2 beef jerkies
 t - a meat ration
 v - 2 chunks of flesh


   Skills:
 - Level 2.1 Fighting
 * Level 7.0 Axes
 + Level 4.6 Throwing
 + Level 4.8 Dodging


You had 6 spell levels left.
You didn't know any spells.

Dungeon Overview and Level Annotations

Branches:
Dungeon (5/15)
 Temple: D:4-7

Altars:
Fedhas


Innate Abilities, Weirdness & Mutations

You can breathe waves of freezing cold.
You can buffet flying creatures when you breathe cold.
Your icy white scales are hard. (AC +6)
You cannot fit into any form of body armour.
Your flesh is very cold resistant. (rC++)
You are cold-blooded and may be slowed by cold attacks.
Your large and strong wings let you fly indefinitely.


Message History

The orc warrior is heavily wounded.
The orc warrior hits you with a flail!
* * * LOW HITPOINT WARNING * * *
You closely miss the orc warrior.
The orc warrior is moderately wounded.
The orc warrior barely misses you.
The orc priest miscasts a cantrip.
You hit the orc warrior.
The orc warrior is heavily wounded.
The orc warrior closely misses you.
The orc priest calls upon Beogh to heal the orc warrior.
The orc warrior is healed somewhat.
The orc priest calls upon Beogh to heal the orc priest.
The orc priest's wounds heal themselves!
You slash the orc warrior!
The orc warrior is severely wounded.
You hit the orc warrior.
The orc warrior is severely wounded.
The orc warrior hits you with a flail!
You die...

#.# .# #.# .# #.# .#
############.####.#
#...........>o....#
#.##..............#####.
#.##.###>..#..#.o.......
#.##.# #...#.###.o...##
####.##.###...#.@#.#.##....
..##.##.#(......o.oo...?%..
.(.)..))...)......##.#####
.........<#...###.# .#
###.............>....#
##.##...........##.#
#.#######..##### .# #..
...... #### #######


You could see an orc warrior and 2 orc priests.

Vanquished Creatures
  Grinder (D:3)
  Sigmund (D:3)
  A centaur (D:4)
  Blork the orc (D:5)
  A crimson imp (D:4)
  A hound (D:4)
  Crazy Yiuf (D:2)
  2 orc priests (D:4)
  Terence (D:3)
  An orc wizard (D:4)
  2 worker ants (D:5)
  A worker ant zombie (D:5)
  6 gnolls
  4 adders
  An ooze (D:3)
  4 worms
  6 dart slugs
  2 leopard geckos
  6 orcs (D:4)
  3 giant cockroaches
  6 goblins
  4 hobgoblins
  6 jackals
  5 kobolds
  3 quokkas (D:2)
  3 ball pythons (D:3)
  3 bats
  10 frilled lizards
  A quokka skeleton (D:4)
  13 rats
100 creatures vanquished.

Notes
Turn   | Place    | Note
-------+----------+-------------------------------------------
     0 | D:1      | KristoblXynda the Draconian Gladiator began the quest for the Orb.
     0 | D:1      | Reached XP level 1. HP: 17/17 MP: 1/1
    83 | D:1      | Reached XP level 2. HP: 11/24 MP: 2/2
   660 | D:2      | Reached XP level 3. HP: 18/29 MP: 3/3
  1951 | D:2      | Found a runed door.
  1991 | D:2      | Noticed Crazy Yiuf
  1997 | D:2      | Killed Crazy Yiuf
  1997 | D:2      | Reached skill level 4 in Axes
  1997 | D:2      | Reached XP level 4. HP: 32/36 MP: 4/4
  2506 | D:3      | Noticed Terence
  2508 | D:3      | Noticed Grinder
  2511 | D:3      | Paralysed by Grinder for 4 turns
  2520 | D:3      | Killed Grinder
  2520 | D:3      | Reached skill level 5 in Axes
  2520 | D:3      | Reached XP level 5. HP: 41/41 MP: 5/5
  2520 | D:3      | Reached XP level 6. HP: 48/48 MP: 6/6
  2527 | D:3      | Killed Terence
  2655 | D:3      | Noticed Sigmund
  2663 | D:3      | Killed Sigmund
  2841 | D:3      | Your scales start taking on an icy white colour.
  2841 | D:3      | Reached XP level 7. HP: 50/55 MP: 7/7
  2841 | D:3      | Gained mutation: Your flesh is cold resistant. (rC+) [White Draconian growth]
  2845 | D:3      | Reached skill level 6 in Axes
  3978 | D:4      | Found a blossoming altar of Fedhas.
  4024 | D:5      | Entered Level 5 of the Dungeon
  4024 | D:5      | Noticed Blork the orc
  4441 | D:5      | Killed Blork the orc
  4441 | D:5      | Reached skill level 7 in Axes
  4451 | D:5      | Gained mutation: Your large and strong wings let you fly indefinitely. [potion of mutation]
  4451 | D:5      | Gained mutation: Your flesh is very cold resistant. (rC++) [potion of mutation]
  4529 | D:5      | Slain by an orc warrior

Vault maps used:
D:1:      dpeg_arrival_ratfight
D:2:      minmay_door_square, uniq_crazy_yiuf_cottage
D:3:      kennysheep_generic_room_16, uniq_grinder, uniq_sigmund, uniq_terence
D:4:      fedhas_bush_and_centaur_altar
D:5:      kennysheep_six_static_rooms, first_bread, serial_shops, shop,
          uniq_blork_the_orc, uniq_duvessa

Skill      XL: |  1  2  3  4  5  6  7 |
---------------+----------------------+-----
Throwing       | 2 3 4 |  4.6
Dodging        | 3 4 |  4.8
Axes           | 4 5 7 |  7.0
Fighting       | |  2.1

Action                   |  1- 3 |  4- 6 |  7- 9 || total
-------------------------+-------+-------+-------++-------
Melee: War axe           |   125 |       |   114 ||   239
       Tailslap          |    14 |     3 |    15 ||    32
       Quarterstaff      |       |    79 |     8 ||    87
 Abil: Breathe Frost     |       |       |     1 ||     1
  Use: Scroll            |     4 |       |    11 ||    15
       Potion            |     1 |     1 |     5 ||     7
 Stab: Sleeping          |     2 |     1 |     1 ||     4
       Petrifying        |       |     1 |       ||     1
  Eat: Chunk             |     3 |     2 |     3 ||     8
       Beef jerky        |     1 |       |     1 ||     2
       Pizza             |       |       |     1 ||     1
Armor: Skin              |    45 |    41 |    40 ||   126
Dodge: Dodged            |    89 |    43 |    83 ||   215
